cohdb
Replays
Latest Replays
All Replays
Popular Replays
Top Player Replays
Match Explorer
How It Works
Community
CoH3 Stats
Reddit
Sign in to upload your games and track your stats! →
Sign in with Steam
Match 45109334
Unlisted
Match 45109334
Overview
Messages
Build Orders
End
Selects Special Operations Battlegroup
Construct Barracks
Riflemen Squad
Riflemen Squad
Riflemen Squad
Grenade Package
Construct Medical Station
Construct Weapon Support Center
Riflemen Squad
Selects M29 Weasel with M1 Pack Howitzer
Infantry Support Center
Riflemen Squad
Riflemen Squad
M1918 Browning Automatic Rifles
Riflemen Squad
Selects P-47 Anti-Infantry Loiter
Survival Training
badehaien
Dr. Toblerone
Aezi
Herr Blautier
TBoR
EPHX_Valkyrion
0
0
Comments
sign in to comment!
No comments posted yet!